cohdb
Replays
Latest Replays
All Replays
Popular Replays
Top Player Replays
Match Explorer
How It Works
Community
CoH3 Stats
Reddit
Sign in to upload your games and track your stats! →
Sign in with Steam
Match 41707945
Unlisted
Match 41707945
Overview
Messages
Build Orders
End
Selects Italian Combined Arms Battlegroup
Selects Bersaglieri Squad
Bersaglieri Squad
Panzerpioneer Squad
Bersaglieri Squad
Bersaglieri Squad
Construct Light Support Kompanie
Construct Light Support Kompanie
Selects Bersaglieri Bolster
Construct Mechanized Kompanie
Selects Breda Model 30 Light Machine Guns
8 Rad Armored Car
2.5-tonne Medical Truck
254 Reconnaissance Tractor
Selects Semovente da 75/18 Assault Gun
Selects Strafing Run
Panzerjäger Mechanized Group
Construct Panzerarmee Kommand
Selects Artillery Cover
Walking Stuka Rocket Launcher
Vehicle Survival Package
Cular13
BigDickBaller
Generalfeldmarschall
goat
dog4207
Dawes
Horeneks
El Pollo
0
0
Comments
sign in to comment!
No comments posted yet!